 Dungeon Crawl Stone Soup version 0.28-a0-390-gb254ac4902 (webtiles) character file.

Game seed: 12194047898351576813

3822 lmSkywalker the Basher (level 9, -1/60 (63) HPs)
             Began as a Demonspawn Delver on Sept 3, 2021.
             Was a Follower of Cheibriados.
             Slain by a wight (5 damage)
             ... on level 8 of the Dungeon.
             The game lasted 00:37:43 (9318 turns).

lmSkywalker the Basher (Demonspawn Delver)          Turns: 9318, Time: 00:37:43

HP:   -1/60 (63)    AC:  6    Str: 17    XL:     9   Next: 97%
MP:   14/14         EV: 12    Int: 16    God:    Cheibriados [*.....]
Gold: 306           SH:  5    Dex: 18    Spells: 8/8 levels left

rFire   . . .      SeeInvis +   P - +2 morningstar
rCold   . . .      Faith    .   (no shield)
rNeg    + . .      Spirit   .   b - +0 leather armour
rPois   .          Reflect  +   a - +0 mask of the Dragon {Will+ Slay+3 SInv}
rElec   .          Harm     .   v - +0 cloak
rCorr   .          Rampage  .   p - +0 pair of gloves
Will    ++...                   B - +0 pair of boots
Stlth   +++.......              u - amulet of reflection
HPRegen 0.20/turn               L - ring of willpower
MPRegen 0.14/turn               t - ring of positive energy

@: lightly drained, very slow
A: hooves 1, powered by pain 1, sturdy frame 1
a: Renounce Religion, Bend Time


You were on level 8 of the Dungeon.
You worshipped Cheibriados.
Cheibriados was aware of your devotion.
You visited 1 branch of the dungeon, and saw 8 of its levels.

You collected 306 gold pieces.

Inventory:

Hand Weapons
 l - a +1 whip of venom
 P - a +2 morningstar (weapon)
Missiles
 k - 15 javelins
 q - 2 boomerangs (quivered)
Armour
 a - the +0 mask of the Dragon (worn) {Will+ Slay+3 SInv}
   (You found it on level 8 of the Dungeon)

   Slay:      It affects your accuracy & damage with ranged weapons and melee
   (+3).
   SInv:      It lets you see invisible.
   Will:      It increases your willpower.
 b - a +0 leather armour (worn)
 p - a +0 pair of gloves (worn)
 v - a +0 cloak (worn)
 B - a +0 pair of boots (worn)
 G - a scarf of harm
Magical Staves
 m - a staff of cold
Jewellery
 o - a +6 ring of intelligence
 r - a ring of ice
 t - a ring of positive energy (right hand)
 u - an amulet of reflection (around neck)
 E - a ring of flight
 J - a ring of poison resistance
 L - a ring of willpower (left hand)
Wands
 g - a wand of digging (2)
 y - a wand of iceblast (17)
 A - a wand of polymorph (8)
 C - a wand of flame (16)
 D - a wand of acid (6)
 M - a wand of paralysis (5)
Scrolls
 c - a scroll of fog
 d - 2 scrolls of magic mapping
 e - 3 scrolls of fear
 h - 2 scrolls of identify
 i - 3 scrolls of holy word
 n - 3 scrolls of teleportation
 z - a scroll of brand weapon {unknown}
 F - 3 scrolls of immolation {unknown}
 H - 2 scrolls of silence
 I - a scroll of vulnerability {unknown}
Potions
 f - a potion of haste
 j - 2 potions of curing
 s - a potion of ambrosia {unknown}
 w - 3 potions of flight
 x - 2 potions of brilliance
 K - a potion of cancellation {unknown}
 N - a potion of heal wounds {unknown}
 O - a potion of degeneration {unknown}


   Skills:
 - Level 3.0 Fighting
 + Level 10.9 Maces & Flails
 - Level 1.7 Dodging
 - Level 4.5 Stealth
 - Level 6.9 Invocations
 + Level 5.9 Evocations


You had 8 spell levels left.
You didn't know any spells.
Your spell library was empty.

Dungeon Overview and Level Annotations

Branches:
Dungeon (8/15)             Temple (0/1) D:7
   Lair: D:8-11

Altars:
Cheibriados
Dithmenos
Okawaru
Ru
Uskayaw
Vehumet
Xom
Zin

Annotations:
D:3 3 runed translucent doors, exclusion: 3 doors, jdzakarian's ghost, weakling HuBe
D:4 exclusions: necrophage and orc
D:6 2 exclusions


Innate Abilities, Weirdness & Mutations

You have large cloven feet.
You sometimes gain a little power by taking damage.
Your movements are slightly less encumbered by armour. (ER -2)


Message History

The wight hits you with a +0 hand axe.
You hit the wight.
The wight is heavily damaged.
The wight closely misses you. The wight hits you with a +0 hand axe.
You closely miss the wight.
The wight is heavily damaged.
The wight closely misses you.
You barely miss the wight.
The wight is heavily damaged.
The wight hits you with a +0 hand axe.
The wight hits you with a +2 short sword.
You partially resist.
You feel drained.
You hit the wight but do no damage.
The wight is heavily damaged.
The wight hits you with a +0 hand axe. The flow of time bends around you.
Cheibriados rebukes the wight.
The wight seems to slow down.
Cheibriados rebukes the wight.
The wight seems to slow down.
The wight hits you with a +2 short sword.
The wight hits you with a +0 hand axe.
You bludgeon the wight!!
You destroy the wight!
The wight hits you with a +2 short sword!
* * * LOW HITPOINT WARNING * * *
You focus on the pain.
You feel your power returning.
You barely miss the wight. You hit the wight.
The wight is moderately damaged.
The wight hits you with a +2 short sword!
* * * LOW HITPOINT WARNING * * *
You partially resist.
You feel drained.
* * * LOW HITPOINT WARNING * * *
You barely miss the wight.
The wight is moderately damaged.
You sock the wight!
The wight is almost destroyed.
The wight hits you with a +2 short sword.
You die...

# ##.)..## ###........... ##
#......# ##.)........... .##
##...#..###.........#....
..######.......##........###
#.#
.........)...............# #
............)............#
..........)..............#
..#......##....z)........#
.###...####.....@..###...#
.###..## ###....#.# ###..#
...#..# #...##.# ##..
###...# ##.###.# ## ###.#
### ### ###


You could see a wight (slow).

Vanquished Creatures
  2 two-headed ogres (D:8)
  3 water moccasins
  3 ice beasts
  2 black bears
  2 ogres
  2 sky beasts
  A phantom (D:8)
  A bullfrog (D:8)
  A scorpion (D:6)
  3 water moccasin zombies
  6 wights (D:8)
  2 howler monkeys (D:8)
  A bullfrog zombie (D:5)
  A bullfrog skeleton (D:4)
  2 hounds (D:6)
  A jelly (D:5)
  2 centaur zombies
  6 orc priests
  2 centaur skeletons (D:7)
  An orc wizard (D:6)
  An iguana (D:3)
  Ijyb (D:3)
  3 hound skeletons (D:4)
  10 adders
  A white imp (D:7)
  An ufetubus (D:6)
  An adder skeleton (D:4)
  2 worms (D:2)
  2 dart slugs
  13 orcs
  5 bats
  5 endoplasms
  2 giant cockroaches
  6 goblins
  5 hobgoblins
  6 jackals
  2 quokkas
  10 ball pythons
  2 frilled lizards
  10 kobolds
  4 rats
136 creatures vanquished.

Vanquished Creatures (others)
  4 plants (D:6)
4 creatures vanquished.

Grand Total: 140 creatures vanquished

Notes
Turn   | Place    | Note
-------+----------+-------------------------------------------
     0 | D:5      | lmSkywalker the Demonspawn Delver began the quest for the
                  | Orb.
     0 | D:5      | Reached XP level 1. HP: 18/18 MP: 1/1
    24 | D:5      | Noticed a +0 hand axe
    24 | D:5      | Noticed a +0 hand axe
    26 | D:5      | Found a hide-covered altar of Uskayaw.
    64 | D:4      | Noticed a quasit
    64 | D:4      | Noticed a quasit
    64 | D:4      | Noticed a quasit
    87 | D:3      | Reached skill level 2 in Maces & Flails
    93 | D:3      | Noticed an orc priest
   118 | D:4      | Gained mutation: You have large cloven feet. [demonic
                  | ancestry]
   118 | D:4      | Reached XP level 2. HP: 16/24 MP: 2/2
   307 | D:4      | Reached skill level 3 in Maces & Flails
   307 | D:4      | Reached XP level 3. HP: 28/29 MP: 3/3
   569 | D:4      | Noticed a necrophage
   634 | D:3      | Reached XP level 4. HP: 35/35 MP: 4/4
   642 | D:3      | Reached skill level 4 in Maces & Flails
   937 | D:2      | Found a faded altar of an unknown god.
  2272 | D:2      | Reached XP level 5. HP: 41/41 MP: 5/5
  2744 | D:3      | Reached skill level 5 in Maces & Flails
  2849 | D:3      | Found a runed translucent gate.
  2850 | D:3      | Found a runed translucent gate.
  2850 | D:3      | Found a runed translucent gate.
  2850 | D:3      | Noticed jdzakarian's ghost (weakling HuBe)
  3057 | D:3      | Noticed Ijyb
  3073 | D:3      | Killed Ijyb
  3156 | D:3      | Gained mutation: You sometimes gain a little power by
                  | taking damage. [demonic ancestry]
  3156 | D:3      | Reached XP level 6. HP: 17/47 MP: 6/6
  3422 | D:3      | Found a shimmering altar of Xom.
  3515 | D:3      | Reached skill level 6 in Maces & Flails
  4641 | D:5      | Reached skill level 7 in Maces & Flails
  4641 | D:5      | Reached XP level 7. HP: 52/52 MP: 7/7
  5077 | D:5      | Found a sacrificial altar of Ru.
  5077 | D:5      | Found an iron altar of Okawaru.
  5078 | D:5      | Found a snail-covered altar of Cheibriados.
  5084 | D:5      | Became a worshipper of Cheibriados the Contemplative
  5324 | D:5      | Reached skill level 8 in Maces & Flails
  5796 | D:6      | Reached XP level 8. HP: 54/58 MP: 8/8
  5808 | D:6      | Reached skill level 9 in Maces & Flails
  7212 | D:7      | Found a radiant altar of Vehumet.
  7288 | D:7      | Reached * piety under Cheibriados
  7289 | D:7      | Reached skill level 10 in Maces & Flails
  8068 | D:7      | Found a staircase to the Ecumenical Temple.
  8385 | D:8      | Noticed a two-headed ogre
  8398 | D:8      | Killed a two-headed ogre
  8399 | D:8      | Gained mutation: Your movements are slightly less
                  | encumbered by armour. (ER -2) [demonic ancestry]
  8399 | D:8      | Reached XP level 9. HP: 29/63 MP: 8/12
  8581 | D:8      | Found a shadowy altar of Dithmenos.
  8698 | D:8      | Reached skill level 5 in Invocations
  8785 | D:8      | Noticed a two-headed ogre
  8790 | D:8      | Killed a two-headed ogre
  8791 | D:8      | Reached skill level 5 in Evocations
  8911 | D:8      | Found the +0 mask of the Dragon {Will+ Slay+3 SInv}
  9318 | D:8      | Slain by a wight

Illustrated notes

Levels and vault maps discovered:
D:1:      amcnicky_arrival_underground_garden, layout_loops_ring,
          chequers_serial_rivers_large_a
D:2:      layout_basic, ebering_ecumenical_altar_webs, dk_vineyard_2
D:3:      layout_rooms, lemuel_tele_altar, gammafunk_ghost_necromancy,
          minmay_misc_feat_room, amcnicky_mini_rare_corridor_liquid,
          hangedman_decor_diamond_cutter, uniq_ijyb
D:4:      cheibrodos_quashed, layout_rooms
D:5:      layout_basic, dancing_weapons_uskayaw,
          mainiacjoe_overflow_small_starburst, gammafunk_temple_overflow_claw,
          enter_ossuary_1
D:6:      layout_rooms, minmay_misc_feat_chi, serial_bayou_ford_a
D:7:      layout_loops_ring, mainiacjoe_overflow_tiny_flanked, temple_green
D:8:      layout_layer_cave, grunt_dithmenos_shadows,
          chequers_serial_rivers_marsh, minmay_misc_feat_encased,
          item_on_display_a

Skill      XL: |  1  2  3  4  5  6  7  8  9 |
---------------+----------------------------+-----
Maces & Flails | 2 3 4 5 7 8 10 | 10.9
Invocations    | 4 6 |  6.9
Evocations     | 3 5 |  5.9
Fighting       | |  3.0
Dodging        | |  1.7
Stealth        | |  4.5

Action                   |  1- 3 |  4- 6 |  7- 9 || total
-------------------------+-------+-------+-------++-------
Melee: Mace              |    12 |       |       ||    12
       Kick              |    12 |    49 |       ||    61
       Whip              |    25 |   210 |   264 ||   499
       Morningstar       |       |       |    37 ||    37
Throw: Boomerang         |       |    13 |    60 ||    73
       Dart              |       |       |    11 ||    11
       Javelin           |       |       |     6 ||     6
Invok: Bend Time         |       |       |     1 ||     1
Evoke: Wand              |       |       |     9 ||     9
  Use: Potion            |       |     1 |       ||     1
       Scroll            |       |     2 |     3 ||     5
 Stab: Sleeping          |     4 |    16 |     2 ||    22
       Paralysed         |       |       |     7 ||     7
Armor: Leather armour    |     8 |    42 |    57 ||   107
Dodge: Dodged            |    17 |    72 |    91 ||   180
Block: Other             |       |    22 |    42 ||    64

Table legend: (Time is in decaauts)
 A = Elapsed time spent in this place.
 B = Non-inter-level travel time spent in this place.
 C = Inter-level travel time spent in this place.
 D = Time resting spent in this place.
 E = Time spent auto-exploring this place.
 F = Levels seen in this place.
 G = Mean time per level.
                   A        B        C        D        E       F      G
               +--------+--------+--------+--------+--------+-----+--------+
         Total |   9808 |   9468 |    340 |   3233 |   3245 |   8 | 1226.0 |
       Dungeon |   9808 |   9468 |    340 |   3233 |   3245 |   8 | 1226.0 |
               +--------+--------+--------+--------+--------+-----+--------+

Top non-repeatable levels by time:
     D:6: 1728 daAuts
     D:7: 1362 daAuts
     D:3: 1273 daAuts
     D:2: 1193 daAuts
     D:8: 1181 daAuts
     D:4: 1151 daAuts
     D:5: 1135 daAuts
     D:1: 781 daAuts
